 Dungeon Crawl Stone Soup version 0.30-a0-743-gbfdf073431 (webtiles) character file.

Game seed: 5784147813719843955

374446 Iich the Axe Maniac (level 21, -1/201 HPs)
             Began as a Minotaur Fighter on Feb 7, 2023.
             Was an Initiate of Gozag.
             Killed from afar by a deep elf annihilator (68 damage)
             ... with a crystal spear
             ... on level 3 of the Elven Halls.
             The game lasted 01:28:43 (45928 turns).

Iich the Axe Maniac (Minotaur Fighter)             Turns: 45928, Time: 01:28:43

Health: -1/201     AC: 45    Str: 29    XL:     21   Next: 76%
Magic:  0/22       EV:  8    Int: 14    God:    Gozag
Gold:   6859       SH: 22    Dex: 25    Spells: 20/20 levels left

rFire   + . .      SeeInvis +    r - +9 broad axe (spect)
rCold   x . .      Faith    .    G - +0 tower shield
rNeg    . . .      Spirit   +    k - +9 plate armour "Bibe" {Dex+3 Stlth+}
rPois   +          Reflect  .    C - +2 hat
rElec   .          Harm     .    O - +1 cloak
rCorr   .          Rampage  .    Y - +0 pair of gloves "Holecsib" {Dex+2}
Will    +++..                    a - +5 pair of boots of Ghostly Creativity {Int+3} Stlth
                                 s - amulet "Viechone" {Spirit rPois Regen+ Int+3 Dex-5}
HPRegen 1.33/turn                i - +6 ring of strength
MPRegen 0.18/turn                w - ring of Amuyw {rC- Will++ Int+3 Dex+6 SInv}

@: gold aura
A: horns 2, retaliatory headbutt, fire resistance 1, frail 1, high MP 1
}: 2/15 runes: serpentine, barnacled
a: Renounce Religion, Potion Petition, Call Merchant, Bribe Branch


You were on level 3 of the Elven Halls.
You worshipped Gozag.
Gozag was greatly pleased with you.
You visited 8 branches of the dungeon, and saw 38 of its levels.
You visited 2 bazaars.
You also visited: Ossuary.

You collected 22764 gold pieces.
You spent 11045 gold pieces at shops.
You paid 4860 gold pieces to Gozag.

Inventory:

Hand Weapons
 r - a +9 spectral broad axe (weapon)
Missiles
 z - 11 throwing nets (quivered)
Armour
 a - the +5 pair of boots of Ghostly Creativity (worn) {Int+3}
   (You acquired it in a bazaar)

   Int:       It affects your intelligence (+3).
 k - the +9 plate armour "Bibe" (worn) {Dex+3 Stlth+}
   (You bought it in a shop on level 9 of the Dungeon)

   Dex:       It affects your dexterity (+3).
   Stlth:     It makes you more stealthy.
 C - a +2 hat (worn)
 G - a +0 tower shield (worn)
 O - a +1 cloak (worn)
 W - a +2 pair of boots of flying
 Y - the +0 pair of gloves "Holecsib" (worn) {Dex+2}
   (You bought it in a shop on level 2 of the Orcish Mines)

   Dex:       It affects your dexterity (+2).
Jewellery
 i - a +6 ring of strength (left hand)
 s - the amulet "Viechone" (around neck) {Spirit rPois Regen+ Int+3 Dex-5}
   (You found it on level 1 of the Snake Pit)

   [amulet of guardian spirit]

   It causes incoming damage to be divided between your reserves of health and
   magic.
   Int:       It affects your intelligence (+3).
   Dex:       It affects your dexterity (-5).
   rPois:     It protects you from poison.
   Regen:     It increases your rate of health regeneration.
 w - the ring of Amuyw (right hand) {rC- Will++ Int+3 Dex+6 SInv}
   (You bought it in a shop on level 4 of the Snake Pit)

   [ring of dexterity]

   Int:       It affects your intelligence (+3).
   Dex:       It affects your dexterity (+6).
   rC:        It makes you vulnerable to cold.
   SInv:      It lets you see invisible.
   Will:      It greatly increases your willpower.
Wands
 b - a wand of flame (62)
 c - a wand of mindburst (14)
 l - a wand of digging (8)
 n - a wand of polymorph (17)
 v - a wand of quicksilver (20)
 L - a wand of paralysis (34)
 N - a wand of iceblast (36)
Scrolls
 e - 2 scrolls of vulnerability
 f - 24 scrolls of identify
 o - 4 scrolls of teleportation
 A - 5 scrolls of fog
 B - 4 scrolls of fear
 D - 4 scrolls of immolation
 E - a scroll of poison
 H - 2 scrolls of blinking
 I - 2 scrolls of brand weapon
 J - a scroll of magic mapping
 Q - 3 scrolls of butterflies
 T - 2 scrolls of silence
Potions
 d - 4 potions of might
 h - 6 potions of flight
 j - 3 potions of magic
 p - 15 potions of curing
 q - 3 potions of lignification
 t - 4 potions of resistance
 u - 2 potions of attraction
 F - 3 potions of brilliance
 M - 4 potions of cancellation
 P - a potion of invisibility
 R - 2 potions of heal wounds
 Z - 6 potions of haste
Miscellaneous
 m - a phantom mirror
 x - a box of beasts
 y - a condenser vane
 K - a phial of floods
 S - a condenser vane
 U - a piece from Xom's chessboard (15/15)
 V - a lightning rod (4/4)
 X - a tin of tremorstones (2/2)


   Skills:
 O Level 27 Fighting
 O Level 27 Axes
 O Level 27 Armour
 + Level 0.7 Dodging
 + Level 16.2 Shields


You had 20 spell levels left.
You didn't know any spells.
Your spell library contained the following spells:

 Spells                   Type           Power      Damage    Failure   Level
 Apportation              Tloc           0%         N/A       95%         1
 Kiss of Death            Conj/Necr      0%         2d5       95%         1
 Necrotise                Necr           0%         1d4       95%         1
 Sandblast                Erth           0%         2d4       95%         1
 Sting                    Tmut/Pois      0%         1d3       95%         1
 Summon Small Mammal      Summ           0%         N/A       95%         1
 Blink                    Tloc           0%         N/A       98%         2
 Cigotuvi's Dreadful Rot  Necr/Pois/Air  0%         N/A       98%         2
 Lesser Beckoning         Tloc           0%         N/A       98%         2
 Momentum Strike          Conj/Tloc      0%         3d8       98%         2
 Sublimation of Blood     Necr           0%         N/A       98%         2
 Dazzling Flash           Conj/Hex       0%         N/A       100%        3
 Frozen Ramparts          Ice            0%         1d1       100%        3
 Gell's Gravitas          Tloc           0%         N/A       100%        3
 Inner Flame              Hex/Fire       0%         N/A       100%        3
 Ozocubu's Armour         Ice            0%         N/A       100%        3
 Stone Arrow              Conj/Erth      0%         3d7       100%        3
 Teleport Other           Tloc           0%         N/A       100%        3
 Vampiric Draining        Necr           0%         2d6       100%        3
 Animate Armour           Summ/Erth      0%         N/A       100%        4
 Dispel Undead            Necr           0%         3d6       100%        4
 Flame Wave               Conj/Fire      0%         2d4       100%        4
 Fulminant Prism          Conj/Hex       0%         3d5       100%        4
 Ice Form                 Ice/Tmut       0%         N/A       100%        4
 Olgreb's Toxic Radiance  Pois           0%         N/A       100%        4
 Petrify                  Tmut/Erth      0%         N/A       100%        4
 Sticky Flame             Conj/Fire      0%         2d3       100%        4
 Summon Ice Beast         Ice/Summ       0%         N/A       100%        4
 Summon Lightning Spire   Summ/Air       0%         N/A       100%        4
 Agony                    Necr           0%         N/A       100%        5
 Blade Hands              Tmut           0%         N/A       100%        5
 Fireball                 Conj/Fire      0%         3d3       100%        5
 Irradiate                Conj/Tmut      0%         3d11      100%        5
 Iskenderun's Battlesphe  Conj           0%         2d6       100%        5
 Lee's Rapid Deconstruct  Erth           0%         3d4*      100%        5
 Metabolic Englaciation   Hex/Ice        0%         N/A       100%        5
 Summon Forest            Summ/Tloc      0%         N/A       100%        5
 Yara's Violent Unravell  Hex/Tmut       0%         3d3       100%        5
 Conjure Ball Lightning   Conj/Air       0%         3x3d6     100%        6
 Death Channel            Necr           0%         N/A       100%        6
 Dispersal                Tloc           0%         N/A       100%        6
 Eringya's Noxious Bog    Tmut/Pois      0%         N/A       100%        6
 Iron Shot                Conj/Erth      0%         9d1       100%        6
 Statue Form              Tmut/Erth      0%         N/A       100%        6
 Enfeeble                 Hex            0%         N/A       100%        7
 Haunt                    Necr/Summ      0%         N/A       100%        7
 Orb of Destruction       Conj           0%         9d5       100%        7
 Storm Form               Tmut/Air       0%         N/A       100%        7
 Summon Hydra             Summ           0%         N/A       100%        7
 Borgnjor's Revivificati  Necr           0%         N/A       100%        8
 Infestation              Necr           0%         N/A       100%        8
 Maxwell's Capacitive Co  Air            0%         ∞         100%        8
 Summon Horrible Things   Summ           0%         N/A       100%        8
 Animate Dead             Necr           Unusable   N/A       N/A         4
 Simulacrum               Ice/Necr       Unusable   N/A       N/A         6

Dungeon Overview and Level Annotations

Branches:
Dungeon (15/15)            Temple (1/1) D:5            Lair (5/5) D:11
 Shoals (4/4) Lair:2        Snake (4/4) Lair:3        Slime (0/5) Lair:5
    Orc (2/2) D:10            Elf (3/3) Orc:2        Vaults (4/5) D:13
  Crypt (0/3) Vaults:3     Depths (0/4) D:15        Ossuary (visited)

Altars:
Ashenzari
Cheibriados
Dithmenos
Elyvilon
Fedhas
Gozag
Hepliaklqana
Kikubaaqudgha
Makhleb
Nemelex Xobeh
Okawaru
Qazlal
Ru
Sif Muna
Trog
Uskayaw
Vehumet
Wu Jian
Xom
Yredelemnul
Zin
The Shining One

Shops:
D:1 :   D:3 [(:(*   D:5 *   D:9 :[***   D:11 *   Orc:2 [:[*   Elf:1 *[([
Shoals:1 (:   Snake:2 (   Snake:3 =   Snake:4 =(


Innate Abilities, Weirdness & Mutations

You have a pair of horns on your head.
You reflexively headbutt those who attack you in melee.
Your flesh is heat resistant. (rF+)
You are frail. (-10% HP)
You have an increased reservoir of magic. (+10% MP)


Message History

You are too injured to fight recklessly!
The deep elf zephyrmancer is no longer distracted by gold.
The deep elf zephyrmancer points at you and mumbles some strange words.
The bolt of lightning hits you!
* * * LOW HITPOINT WARNING * * *
You hear a shout!
You hear an angry hiss.
You hear a shout! x4
Items here: $ ) [ |.
A deep elf annihilator comes into view. It is wielding a +0 long sword.
Found a sling.
The deep elf annihilator shouts!
You block the deep elf zephyrmancer's attack.
A deep elf blademaster comes into view. It is wielding two +0 rapiers. x2
Items here: $ )))) [[[.
The deep elf zephyrmancer is distracted by your dazzling golden aura.
You strike the helpless deep elf zephyrmancer from behind!
You carve the deep elf zephyrmancer like a ham!!!
The deep elf zephyrmancer is no longer distracted by gold.
Your headbutt misses the deep elf zephyrmancer.
The deep elf zephyrmancer is almost dead.
Your +9 spectral broad axe hits the deep elf zephyrmancer!
You kill the deep elf zephyrmancer!
The deep elf annihilator casts a spell at you.
You block the poison arrow.
The deep elf blademaster is distracted by your dazzling golden aura. x2
The deep elf blademaster shouts!
You hear a shout!
The deep elf blademaster is no longer distracted by gold.
Items here: $ )))) [[[.
The deep elf blademaster is distracted by your dazzling golden aura.
Items here: $ )) [.
A deep elf blademaster is nearby!
The deep elf blademaster is no longer distracted by gold.
The deep elf blademaster is distracted by your dazzling golden aura.
Items here: $ ) [ |.
The deep elf blademaster is no longer distracted by gold.
The deep elf blademaster is distracted by your dazzling golden aura.
The deep elf annihilator casts a spell at you.
The crystal spear hits you!!!!
You die...
Your body crumbles into a pile of gold.

$ $ $ ##. #####.. $
$ #...#.. $$ .....##
$ .....#$ $ .# #...#
$ ....#..$## $
).e...ee.# $
#######..###@$#$
.####.....####.$$.##
$$
..............$.$..#
.....#...#...$$..###
#..........$..####
#......$####
#######.###########
..# #...........##
#.# ##)).........#


You could see 2 deep elf blademasters and a deep elf annihilator.

Vanquished Creatures
  Bai Suzhen (Shoals:3)
  A golden dragon (Vaults:3)
  Nikola (Snake:1)
  A tentacled monstrosity (Vaults:1)
  The ghost of wormed the Fighter, an adept DsFE of Vehumet (Snake:4)
  The ghost of Qeunemit the Warrior, an adept GrFi of Okawaru (Vaults:3)
  Asterion (Vaults:2)
  2 deep elf blademasters (Elf:3)
  A deep elf master archer (Elf:3)
  4 krakens (Shoals:3)
  2 sphinxes
  Polyphemus (Shoals:2)
  The ghost of Guoplah the Executioner, an adept HOFi of Okawaru (Snake:1)
  A tengu reaver (Vaults:3)
  Roxanne (Shoals:3)
  Donald (Snake:4)
  9 nagarajas
  Gastronok (D:12)
  The ghost of Zonum the Fencer, an adept DjGl of Gozag (Snake:1)
  The ghost of ryw the Severer, a journeyman HOBe of Trog (Orc:2)
  5 deep elf sorcerers
  A ghost moth (shapeshifter) (Elf:1)
  Ilsuiw (Shoals:2)
  An iron dragon (Vaults:3)
  2 ghost moths (Vaults:3)
  14 vault wardens
  A frost giant (Vaults:3)
  Aizul (Snake:4)
  Louise (Shoals:3)
  5 orc warlords
  2 war gargoyles (Vaults:3)
  8 ironbound preservers
  6 very ugly things
  6 ironbound thunderhulks
  Nessos (D:14)
  Azrael (Elf:1)
  13 dire elephants
  7 deep elf demonologists
  A deep elf annihilator (Elf:3)
  A white draconian (Vaults:3)
  The ghost of porpoise the Slicer, a journeyman DsEn of Dithmenos (D:12)
  A deep elf death mage (Elf:3)
  6 ettins
  10 merfolk impalers
  8 merfolk javelineers
  A crystal guardian (Vaults:4)
  A fire dragon (D:10)
  2 entropy weavers
  2 deep elf high priests (Elf:3)
  11 yaktaur captains
  6 great orbs of eyes
  18 vault guards
  2 salamander tyrants
  5 hydras
  9 centaur warriors
  5 ogre magi
  A peacekeeper (Vaults:4)
  8 ironbound frosthearts
  2 catoblepae
  2 alligator snapping turtles (Shoals:4)
  4 boulder beetles
  9 merfolk aquamancers
  5 merfolk avatars
  20 naga warriors
  A vampire mage (Vaults:3)
  14 anacondas
  19 death yaks
  22 two-headed ogres
  2 tengu warriors
  26 dancing weapons
  7 shock serpents
  12 naga sharpshooters
  Urug (Lair:3)
  2 spectral death yaks (Lair:5)
  15 deep elf knights
  Lodul (D:14)
  11 sea snakes
  6 salamander mystics
  2 anaconda zombies (Snake:3)
  3 spectral anacondas
  5 skeletal warriors
  23 deep trolls
  A swamp dragon (D:10)
  8 lindwurms
  A flayed ghost (D:14)
  2 wizards
  9 orc knights
  2 obsidian statues
  A phantasmal warrior (Vaults:3)
  Pikel (D:3)
  14 ironbound convokers
  6 naga ritualists
  A glowing orange brain (Vaults:2)
  15 deep elf zephyrmancers
  16 harpies
  9 deep elf archers
  17 deep elf pyromancers
  6 necromancers
  4 anaconda skeletons (Snake:3)
  6 mana vipers
  2 fauns (Shoals:1)
  7 orc sorcerers
  21 ugly things
  15 manticores
  10 cyclopes
  12 salamanders
  17 elephants
  Maurice (Orc:1)
  23 naga magi
  6 guardian serpents
  15 merfolk sirens
  A torpor snail (Lair:5)
  11 vault sentinels
  27 black mambas
  A cane toad (shapeshifter) (D:13)
  A water nymph (Shoals:2)
  A gargoyle (D:11)
  Maggie (D:7)
  11 cane toads
  3 rime drakes
  An unseen horror (shapeshifter) (Elf:1)
  2 freezing wraiths
  An efreet (D:14)
  7 komodo dragons
  53 yaktaurs
  4 anaconda simulacra (Snake:3)
  A queen bee (shapeshifter) (D:13)
  6 trolls
  52 merfolk
  3 meliai (D:14)
  A hornet (D:8)
  2 polar bears (shapeshifter)
  5 blink frogs (Lair:5)
  9 wind drakes
  A dream sheep (shapeshifter) (D:15)
  12 snapping turtles
  17 dream sheep
  33 slime creatures
  2 air elementals (Elf:1)
  7 wyverns
  5 vampires
  2 shadows
  2 wraiths
  21 water elementals
  61 yaks
  8 humans (D:13)
  2 fire elementals (Elf:1)
  8 basilisks
  A fire bat (shapeshifter) (Vaults:4)
  A basilisk (shapeshifter) (D:14)
  2 steam dragons
  2 redbacks (Vaults:4)
  A redback (shapeshifter) (D:14)
  A death yak simulacrum (Lair:5)
  3 vampire mosquitoes (D:13)
  Menkaure (D:4)
  A spectral cane toad (Lair:5)
  8 wargs
  A hell hound (Elf:1)
  5 acid dragons
  40 nagas
  16 water moccasins
  A floating eye (Vaults:3)
  19 orc warriors
  A sky beast (D:8)
  2 black bears
  11 boggarts
  An ice beast (D:8)
  44 ogres
  15 wolves
  5 centaurs
  An elephant skeleton (Lair:5)
  A phantom (D:7)
  3 kobold brigands
  Blork the orc (D:4)
  2 earth elementals
  17 bullfrogs
  3 gnoll sergeants
  A necrophage (D:3)
  3 scorpions
  A cane toad simulacrum (Lair:5)
  16 wights
  7 killer bees (D:8)
  2 elephant simulacra (Lair:5)
  9 electric eels
  4 howler monkeys
  A jelly (D:7)
  3 hounds
  14 orc priests
  Crazy Yiuf (D:7)
  2 gnoll boudas
  4 iguanas
  30 orc wizards
  4 hell rats (Lair:3)
  9 mummies
  7 gnolls (D:9)
  5 adders
  2 shadow imps
  2 white imps
  An ufetubus (D:6)
  2 worms
  3 dart slugs
  71 orcs
  9 ball pythons
  10 endoplasms
  A giant cockroach (D:4)
  11 goblins
  9 hobgoblins
  3 jackals (D:3)
  13 kobolds
  A quokka (D:3)
  8 bats
  6 frilled lizards
  2 gnoll zombies (Ossuary)
  A goblin zombie (D:8)
  2 hobgoblin zombies (Ossuary)
  2 kobold zombies (Ossuary)
  3 orc zombies
  7 rats
  A bush (Lair:2)
  A butterfly (Lair:4)
  A plant (Shoals:2)
  8 tentacles (Shoals:3)
1568 creatures vanquished.

Vanquished Creatures (others)
  A merfolk aquamancer (Shoals:4)
  A wizard (Vaults:4)
  A human (D:13)
  2 orcs (D:8)
  28 fungi
  133 plants
  11 tentacles (Shoals:3)
  28 withered plants
205 creatures vanquished.

Grand Total: 1773 creatures vanquished

Notes
Turn   | Place    | Note
-------+----------+-------------------------------------------
     0 | D:1      | Iich the Minotaur Fighter began the quest for the Orb.
     0 | D:1      | Reached XP level 1. HP: 19/19 MP: 0/0
   119 | D:1      | Found Qezey's Book Emporium.
   143 | D:1      | Reached XP level 2. HP: 26/27 MP: 1/1
   902 | D:2      | Reached XP level 3. HP: 25/33 MP: 2/2
  1380 | D:2      | Reached XP level 4. HP: 23/41 MP: 3/3
  1807 | D:3      | Found Acyx's Weapon Shoppe.
  1871 | D:3      | Reached skill level 5 in Axes
  1939 | D:3      | Found Suneilev's Book Emporium.
  1939 | D:3      | Found Sitogem's Weapon Shop.
  1950 | D:3      | Reached XP level 5. HP: 47/47 MP: 4/4
  1973 | D:3      | Bought a +0 broad axe for 52 gold pieces
  1997 | D:3      | Found Xatu's Armour Shop.
  2039 | D:3      | Found a hide-covered altar of Uskayaw.
  2094 | D:3      | Reached skill level 5 in Fighting
  2270 | D:3      | Found Resuoxzu's General Store.
  2460 | D:3      | Noticed an ogre
  2469 | D:3      | Killed an ogre
  2470 | D:3      | Reached XP level 6. HP: 25/56 MP: 5/5
  2804 | D:3      | Bought a +0 pair of boots for 54 gold pieces
  2816 | D:4      | Noticed Blork the orc
  2831 | D:4      | Killed Blork the orc
  3014 | D:4      | Noticed Menkaure
  3016 | D:4      | Noticed Pikel
  3246 | D:3      | Killed Pikel
  3247 | D:3      | Reached XP level 7. HP: 44/66 MP: 6/6
  3526 | D:4      | Killed Menkaure
  3527 | D:4      | Reached XP level 8. HP: 73/73 MP: 7/7
  3775 | D:4      | Reached skill level 10 in Axes
  3937 | D:4      | Found a broken altar of Ashenzari.
  3986 | D:5      | Entered Level 5 of the Dungeon
  4527 | D:5      | Identified the +1 rapier "Kiuwkacvupn" {heavy, rElec rPois
                  | Str+2 SInv}
  4626 | D:5      | Found Turoir's Assorted Antiques.
  4885 | D:5      | Found a shimmering blue altar of Sif Muna.
  4930 | D:5      | Found a staircase to the Ecumenical Temple.
  4936 | Temple   | Entered the Ecumenical Temple
  5328 | D:6      | Found an iron altar of Okawaru.
  5924 | D:7      | Reached XP level 9. HP: 82/82 MP: 8/8
  6009 | D:7      | Reached skill level 5 in Shields
  6247 | D:7      | Found a hazy altar of Hepliaklqana.
  6247 | D:7      | Found a blossoming altar of Fedhas.
  6253 | D:7      | Found a shimmering altar of Xom.
  6255 | D:7      | Found a faded altar of an unknown god.
  6257 | D:7      | Found a white marble altar of Elyvilon.
  6532 | D:7      | Found a radiant altar of Vehumet.
  6535 | D:7      | Noticed Maggie
  6544 | D:7      | Killed Maggie
  6975 | D:7      | Noticed a komodo dragon
  6983 | D:7      | Killed a komodo dragon
  7034 | D:7      | Reached skill level 10 in Fighting
  7438 | D:7      | Found a runed translucent door.
  7439 | D:7      | Noticed Crazy Yiuf
  7445 | D:7      | Killed Crazy Yiuf
  7554 | D:8      | Reached XP level 10. HP: 93/93 MP: 9/9
  7677 | D:8      | Noticed a skeletal warrior
  7677 | D:8      | Noticed a cyclops
  7677 | D:8      | Noticed a centaur warrior
  7690 | D:8      | Killed a centaur warrior
  7695 | D:8      | Killed a skeletal warrior
  7702 | D:8      | Killed a cyclops
  7811 | D:8      | Reached skill level 15 in Axes
  7987 | D:8      | Reached XP level 11. HP: 33/102 MP: 10/10
  8156 | D:8      | Found a sand-covered staircase.
  8161 | Ossuary  | Entered an ossuary
  8358 | Ossuary  | Identified a scroll of acquirement
  8403 | Ossuary  | Acquired 854 gold pieces
  8653 | D:3      | Bought a scroll of acquirement for 572 gold pieces
  8653 | D:3      | Acquired a manual of Axes
  8917 | D:8      | Found a snail-covered altar of Cheibriados.
  8917 | D:8      | Found an opulent altar of Gozag.
  8917 | D:8      | Found a basalt altar of Yredelemnul.
  8952 | D:8      | Became a worshipper of Gozag Ym Sagoz the Greedy
  9631 | D:9      | Found Ifaojey's Antique Armour Shoppe.
  9688 | D:9      | Found Aforu's General Store.
  9729 | D:9      | Found Looteaqy's Book Shop.
  9932 | D:9      | Noticed a two-headed ogre
  9945 | D:9      | Killed a two-headed ogre
 10027 | D:9      | Found a burning altar of Makhleb.
 10052 | D:9      | Found Ihaqelomi's Lightly-Used Armoury.
 10071 | D:9      | Bought a -2 crystal plate armour for 840 gold pieces
 10225 | D:9      | Found Ugenewk's Assorted Antiques.
 10358 | D:9      | Bought a +2 chain mail of fire resistance for 215 gold
                  | pieces
 10448 | D:10     | Entered Level 10 of the Dungeon
 10535 | D:10     | Found a glowing silver altar of Zin.
 10536 | D:10     | Noticed a two-headed ogre
 10542 | D:10     | Killed a two-headed ogre
 10588 | D:10     | Found a staircase to the Orcish Mines.
 10682 | D:10     | Noticed a two-headed ogre
 10692 | D:10     | Killed a two-headed ogre
 10693 | D:10     | Noticed a swamp dragon
 10701 | D:10     | Killed a swamp dragon
 10702 | D:10     | Reached skill level 10 in Shields
 10881 | D:10     | Reached skill level 5 in Armour
 11023 | D:10     | Noticed a skeletal warrior
 11024 | D:10     | Noticed a tengu warrior
 11038 | D:10     | Killed a skeletal warrior
 11042 | D:10     | Killed a tengu warrior
 11114 | D:10     | Got the Quarto of Toxicity and Conjury
 11114 | D:10     | Got the Compilation of Generation and Blasting
 11131 | D:10     | Noticed a fire dragon
 11131 | D:10     | Noticed a two-headed ogre
 11132 | D:10     | Noticed a two-headed ogre
 11132 | D:10     | Noticed a two-headed ogre
 11134 | D:10     | Identified the +1 robe "Sasu" {-Tele Dex+6}
 11147 | D:10     | Killed a fire dragon
 11148 | D:10     | Reached XP level 12. HP: 70/113 MP: 11/11
 11148 | D:10     | Killed a two-headed ogre
 11154 | D:10     | Killed a two-headed ogre
 11156 | D:10     | Killed a two-headed ogre
 11476 | D:10     | Acquired a +0 pair of boots of flying
 12072 | D:11     | Noticed a boulder beetle
 12137 | D:11     | Killed a boulder beetle
 12709 | D:11     | Found a staircase to the Lair.
 12958 | D:11     | Found Kuur's Gadget Gallery.
 12963 | D:11     | Bought a lightning rod (4/4) for 480 gold pieces
 13077 | Lair:1   | Entered Level 1 of the Lair of Beasts
 13252 | Lair:1   | Noticed a death yak
 13252 | Lair:1   | Noticed a death yak
 13252 | Lair:1   | Noticed a death yak
 13252 | Lair:1   | Noticed a death yak
 13261 | Lair:1   | Killed a death yak
 13262 | Lair:1   | Killed a death yak
 13265 | Lair:1   | Killed a death yak
 13271 | Lair:1   | Killed a death yak
 13831 | Lair:2   | Reached XP level 13. HP: 123/123 MP: 12/12
 14246 | D:1      | Bought a manual of Fighting for 880 gold pieces
 14887 | Lair:2   | Found a staircase to the Shoals.
 15673 | Lair:3   | Noticed Urug
 15685 | Lair:3   | Killed Urug
 15696 | Lair:3   | Found a staircase to the Snake Pit.
 16207 | Lair:3   | Reached skill level 15 in Fighting
 16951 | Lair:4   | Identified the +7 plate armour "Guogu" {Str-5 Dex+2 SInv}
 18044 | Lair:5   | Entered Level 5 of the Lair of Beasts
 18052 | Lair:5   | Reached XP level 14. HP: 112/136 MP: 13/13
 18149 | Lair:5   | Found a staircase to the Slime Pits.
 18362 | D:9      | Bought a glimmering plate armour for 896 gold pieces
 18362 | D:9      | Identified the +9 plate armour "Bibe" {Dex+3 Stlth+} (You
                  | bought it in a shop on level 9 of the Dungeon)
 18531 | Lair:5   | Reached skill level 10 in Armour
 19077 | D:3      | Bought a +1 hat for 132 gold pieces
 19135 | D:3      | Bought a scroll of enchant weapon for 82 gold pieces
 19135 | D:3      | Bought a scroll of vulnerability for 44 gold pieces
 21067 | D:12     | Found a large runed translucent door.
 21067 | D:12     | Found a large runed translucent door.
 21074 | D:12     | Noticed porpoise's ghost (journeyman DsEn)
 21101 | D:12     | Killed porpoise's ghost
 21113 | D:12     | Identified the +4 scimitar of the Aged Artisans {pain, Fly
                  | rPois rF+ Int+6}
 21497 | D:12     | Gained mutation: You do not regenerate when monsters are
                  | visible. [potion of mutation]
 21497 | D:12     | Gained mutation: You expend magic power (3 MP) to
                  | strengthen your wands. [potion of mutation]
 21497 | D:12     | Gained mutation: You are partially covered in iridescent
                  | scales. (AC +2) [potion of mutation]
 21497 | D:12     | Gained mutation: Your spells are a little harder to cast,
                  | but a little more powerful. [potion of mutation]
 21498 | D:12     | Lost mutation: Your spells are a little harder to cast, but
                  | a little more powerful. [potion of mutation]
 21498 | D:12     | Lost mutation: You do not regenerate when monsters are
                  | visible. [potion of mutation]
 21498 | D:12     | Lost mutation: You are partially covered in iridescent
                  | scales. (AC +2) [potion of mutation]
 21498 | D:12     | Gained mutation: You are partially covered in iridescent
                  | scales. (AC +2) [potion of mutation]
 21498 | D:12     | Gained mutation: You are strong-willed. (Will+) [potion of
                  | mutation]
 21899 | D:12     | Noticed Gastronok
 21905 | D:12     | Killed Gastronok
 22325 | D:13     | Reached XP level 15. HP: 148/148 MP: 14/14
 22354 | D:13     | Identified the +8 plate armour of Free Expression {Str+3}
 22554 | D:13     | You are sucked into a shaft and drop 2 floors!
 22554 | D:15     | Entered Level 15 of the Dungeon
 22665 | D:14     | Noticed Lodul
 22675 | D:14     | Killed Lodul
 23277 | D:13     | Identified the +1 great sword of the Puffball {heavy,
                  | Int+5}
 23279 | D:13     | Found a gate to the Vaults.
 24038 | D:14     | Noticed Nessos
 24042 | D:14     | Killed Nessos
 24386 | D:15     | Reached skill level 15 in Shields
 24727 | D:15     | Found a staircase to the Depths.
 25185 | Orc:1    | Entered Level 1 of the Orcish Mines
 25309 | Orc:2    | Entered Level 2 of the Orcish Mines
 25320 | Orc:2    | Found a staircase to the Elven Halls.
 25583 | Orc:2    | Reached XP level 16. HP: 96/161 MP: 15/15
 25600 | Orc:2    | Found Kefrofae's Antique Armour Emporium.
 25600 | Orc:2    | Found Zewid's Armour Shop.
 25602 | Orc:2    | Found Liastean's Book Shop.
 25602 | Orc:2    | Found Wiodulle's Assorted Antiques.
 25698 | Orc:2    | Bought the +0 pair of boots of Toothy Satisfaction {Rampage
                  | Drain rCorr Int+7} for 393 gold pieces
 25698 | Orc:2    | Bought the +0 pair of gloves "Holecsib" {Dex+2} for 235
                  | gold pieces
 25937 | Orc:2    | Found a runed translucent gate.
 25937 | Orc:2    | Found a runed translucent gate.
 25937 | Orc:2    | Found a runed translucent gate.
 25937 | Orc:2    | Found an opulent altar of Gozag.
 25938 | Orc:2    | Noticed ryw's ghost (journeyman HOBe)
 25941 | Orc:2    | Found Geehiali's Assorted Antiques.
 25964 | Orc:2    | Killed ryw's ghost
 26019 | Orc:2    | Gained mutation: You occasionally lose the ability to drink
                  | potions when taking damage. [a neqoxec]
 26369 | Orc:1    | Noticed Maurice
 26384 | Orc:1    | Killed Maurice
 26955 | Snake:1  | Entered Level 1 of the Snake Pit
 27381 | Snake:1  | Found a runed translucent gate.
 27383 | Snake:1  | Found a runed translucent gate.
 27383 | Snake:1  | Found a runed translucent gate.
 27411 | Snake:1  | Noticed Nikola
 27427 | Snake:1  | Killed Nikola
 27552 | Snake:1  | Identified the amulet "Viechone" {Spirit rPois Regen+ Int+3
                  | Dex-5}
 27650 | Snake:1  | Noticed Zonum's ghost (adept DjGl)
 27651 | Snake:1  | Noticed Guoplah's ghost (adept HOFi)
 27663 | Snake:1  | Killed Zonum's ghost
 27665 | Snake:1  | Killed Guoplah's ghost
 28062 | Snake:2  | Found Behitol's Weapon Shop.
 28901 | Snake:3  | Found Apled's Jewellery Boutique.
 28916 | Snake:3  | Reached XP level 17. HP: 171/173 MP: 14/16
 29856 | Shoals:1 | Entered Level 1 of the Shoals
 29914 | Shoals:1 | Reached skill level 15 in Armour
 30731 | Shoals:1 | Found Gigapp's Vocational Training.
 30743 | Shoals:1 | Found Neis's Weapon Emporium.
 30892 | Shoals:1 | Lost mutation: You are partially covered in iridescent
                  | scales. (AC +2) [potion of mutation]
 30892 | Shoals:1 | Lost mutation: You expend magic power (3 MP) to strengthen
                  | your wands. [potion of mutation]
 30892 | Shoals:1 | Gained mutation: Your body sometimes deteriorates upon
                  | taking damage. [potion of mutation]
 30892 | Shoals:1 | Gained mutation: You are weak. (Str -2) [potion of
                  | mutation]
 30892 | Shoals:1 | Gained mutation: You have sharp toenails. [potion of
                  | mutation]
 30893 | Shoals:1 | Lost mutation: Your body sometimes deteriorates upon taking
                  | damage. [potion of mutation]
 30893 | Shoals:1 | Lost mutation: You are weak. (Str -2) [potion of mutation]
 30893 | Shoals:1 | Gained mutation: Your muscles are strong. (Str +4, Int/Dex
                  | -1) [potion of mutation]
 30893 | Shoals:1 | Gained mutation: You sometimes lose the ability to drink
                  | potions when taking damage. [potion of mutation]
 30894 | Shoals:1 | Lost mutation: Your muscles are strong. (Str +4, Int/Dex
                  | -1) [potion of mutation]
 30894 | Shoals:1 | Lost mutation: You have sharp toenails. [potion of
                  | mutation]
 30894 | Shoals:1 | Gained mutation: Your muscles are strong. (Str +4, Int/Dex
                  | -1) [potion of mutation]
 30894 | Shoals:1 | Gained mutation: You have hidden genetic defects. [potion
                  | of mutation]
 30895 | Shoals:1 | Lost mutation: You sometimes lose the ability to drink
                  | potions when taking damage. [potion of mutation]
 30895 | Shoals:1 | Lost mutation: You occasionally lose the ability to drink
                  | potions when taking damage. [potion of mutation]
 30895 | Shoals:1 | Lost mutation: You have hidden genetic defects. [potion of
                  | mutation]
 30895 | Shoals:1 | Gained mutation: Your mind is acute. (Int +4, Str/Dex -1)
                  | [potion of mutation]
 30895 | Shoals:1 | Gained mutation: Your flesh is heat resistant. (rF+)
                  | [potion of mutation]
 31185 | Shoals:2 | Noticed Ilsuiw
 31191 | Shoals:2 | Killed Ilsuiw
 31193 | Shoals:2 | Noticed Polyphemus
 31199 | Shoals:2 | Reached skill level 27 in Axes
 31204 | Shoals:2 | Killed Polyphemus
 31933 | Shoals:3 | Noticed Louise
 31934 | Shoals:3 | Noticed Bai Suzhen
 31960 | Shoals:3 | Killed Bai Suzhen
 31971 | Shoals:3 | Identified Roxanne's Book of the Mesa
 31971 | Shoals:3 | Noticed Roxanne
 31986 | Shoals:3 | Killed Louise
 32167 | Shoals:3 | Noticed a kraken
 32172 | Shoals:3 | Killed a kraken
 32182 | Shoals:3 | Found a runed translucent door.
 32194 | Shoals:3 | Noticed a kraken
 32202 | Shoals:3 | Killed a kraken
 32218 | Shoals:3 | Reached XP level 18. HP: 97/185 MP: 9/17
 32752 | Shoals:3 | Killed Roxanne
 33259 | Snake:4  | Entered Level 4 of the Snake Pit
 33302 | Snake:4  | Noticed Donald
 33315 | Snake:4  | Killed Donald
 33367 | Snake:4  | Found Ceblerex's Weapon Emporium.
 33383 | Snake:4  | Found Hogef's Jewellery Shoppe.
 33389 | Snake:4  | Bought the ring of Amuyw {rC- Will++ Int+3 Dex+6 SInv} for
                  | 847 gold pieces
 33582 | Snake:4  | Noticed Aizul
 33589 | Snake:4  | Killed Aizul
 33826 | Snake:4  | Found a runed translucent door.
 33835 | Snake:4  | Noticed wormed's ghost (adept DsFE)
 34838 | Snake:4  | Got a serpentine rune of Zot
 35073 | Snake:4  | Killed wormed's ghost
 35322 | Shoals:4 | Entered Level 4 of the Shoals
 35543 | Shoals:4 | Reached XP level 19. HP: 189/196 MP: 16/18
 35821 | Shoals:4 | Got the Precepts of Evil
 36076 | Shoals:4 | Identified the +0 leather armour "Apenoro" {rPois rF++
                  | rCorr Stlth-}
 36157 | Shoals:4 | Got a barnacled rune of Zot
 36208 | Shoals:4 | Found the +7 mace of Variability {chaos, chain chaos}
 36822 | Vaults:1 | Entered Level 1 of the Vaults
 38852 | Vaults:2 | Reached XP level 20. HP: 212/212 MP: 19/19
 38967 | Vaults:2 | Noticed Asterion
 38975 | Vaults:2 | Killed Asterion
 39602 | Vaults:3 | Found a runed translucent door.
 39602 | Vaults:3 | Noticed Qeunemit's ghost (adept GrFi)
 39684 | Vaults:3 | Found a flickering gateway to a bazaar.
 39697 | Bazaar   | Entered a bazaar
 39697 | Bazaar   | Found Alakeuq's Antique Weapon Shoppe.
 39697 | Bazaar   | Found Inirol's Weapon Emporium.
 39744 | Bazaar   | Found Asoeg's Assorted Antiques.
 39750 | Bazaar   | Bought a potion of heal wounds for 170 gold pieces
 39760 | Bazaar   | Found Raptoe Ittur's Assorted Antiques.
 39768 | Bazaar   | Bought 3 scrolls of acquirement for 4992 gold pieces
 39768 | Bazaar   | Acquired 1277 gold pieces
 39770 | Bazaar   | Acquired 741 gold pieces
 39771 | Bazaar   | Acquired the +5 pair of boots of Ghostly Creativity {Int+3}
 39791 | Bazaar   | Found Lutze's Book Boutique.
 40009 | Vaults:3 | Noticed a golden dragon
 40023 | Vaults:3 | Killed a golden dragon
 40177 | Vaults:3 | Identified the +6 arbalest of Uxka {flame, Dex+3}
 40931 | Vaults:3 | Found a staircase to the Crypt.
 41714 | Vaults:3 | Killed Qeunemit's ghost
 41931 | Vaults:4 | Reached skill level 27 in Fighting
 42356 | Vaults:4 | Identified the +3 morningstar of Plog {antimagic, *Noise
                  | rElec rC+ rN+++ Stlth-}
 42896 | Vaults:4 | Found a gateway to a bazaar.
 42904 | Bazaar   | Entered a bazaar
 42920 | Bazaar   | Found Ushenko's Weapon Shoppe.
 42921 | Bazaar   | Found Nilitar's Antique Armour Shoppe.
 42930 | Bazaar   | Bought a runed hat for 161 gold pieces
 42978 | Bazaar   | Found Musinioff's Weapon Emporium.
 42978 | Bazaar   | Found Cokac's Jewellery Emporium.
 43095 | Vaults:4 | Reached XP level 21. HP: 215/224 MP: 18/20
 43630 | Vaults:4 | Lost mutation: Your muscles are strong. (Str +4, Int/Dex
                  | -1) [potion of mutation]
 43630 | Vaults:4 | Lost mutation: You are strong-willed. (Will+) [potion of
                  | mutation]
 43630 | Vaults:4 | Gained mutation: You occasionally shout uncontrollably at
                  | your foes. [potion of mutation]
 43630 | Vaults:4 | Gained mutation: You are frail. (-10% HP) [potion of
                  | mutation]
 43630 | Vaults:4 | Gained mutation: You possess an exceptional clarity of
                  | mind. [potion of mutation]
 43631 | Vaults:4 | Lost mutation: You occasionally shout uncontrollably at
                  | your foes. [potion of mutation]
 43631 | Vaults:4 | Lost mutation: Your mind is acute. (Int +4, Str/Dex -1)
                  | [potion of mutation]
 43631 | Vaults:4 | Lost mutation: You possess an exceptional clarity of mind.
                  | [potion of mutation]
 43631 | Vaults:4 | Gained mutation: You have an increased reservoir of magic.
                  | (+10% MP) [potion of mutation]
 43945 | Elf:1    | Entered Level 1 of the Elven Halls
 43999 | Elf:1    | Found Noijom's General Store.
 44038 | Elf:1    | Found Omionesa's Weapon Emporium.
 44078 | Elf:1    | Found Yckyph's Antique Armour Shoppe.
 44179 | Elf:1    | Found Yquyckil's Antique Armour Emporium.
 44545 | Elf:1    | Noticed Azrael
 44548 | Elf:1    | Killed Azrael
 44757 | Elf:1    | Paralysed by an air elemental for 1 turns
 44760 | Elf:1    | Paralysed by an air elemental for 1 turns
 45119 | Elf:2    | Found a runed translucent gate.
 45119 | Elf:2    | Found a runed translucent gate.
 45181 | Elf:2    | Found a runed translucent gate.
 45704 | Elf:3    | Entered Level 3 of the Elven Halls
 45918 | Elf:3    | Reached skill level 27 in Armour
 45928 | Elf:3    | Killed from afar by a deep elf annihilator

Illustrated notes

Levels and vault maps discovered:
D:1:      onia_arrival_mini_spirals, layout_rooms, serial_forest,
          infiniplex_forest_lined_corner, infiniplex_forest_end_2,
          infiniplex_forest_straight_5, infiniplex_forest_clump_diagonal,
          infiniplex_forest_lined_1, infiniplex_forest_end_2,
          infiniplex_forest_straight_3, infiniplex_forest_clump_large,
          infiniplex_forest_lined_3, serial_shops, shop, nicolae_titane
D:2:      layout_basic, minmay_misc_feat_tiny
D:3:      minmay_chambers_of_threes, layout_rooms,
          mainiacjoe_overflow_six_doors_small, serial_shops, nicolae_shop_stone,
          shop, nicolae_shop_trees, shop, nicolae_shop_crystal
D:4:      minmay_chambers_of_fours, layout_rooms, mainiacjoe_overflow_alcove_1,
          uniq_menkaure, uniq_pikel, uniq_blork_the_orc
D:5:      layout_loops_ring, led_sif_pool, minmay_temple_entry_fiery,
          serial_shops, nicolae_shop_hallway_plus
D:6:      layout_loops_ring, mainiacjoe_overflow_catwalk, glass_columns_a
D:7:      minmay_slanted_spiral_squares, layout_loops_corners,
          chequers_temple_overflow_minitemple, mainiacjoe_overflow_brackets,
          uniq_maggie, uniq_crazy_yiuf_cottage
D:8:      minmay_chambers_of_sevens, layout_basic,
          gammafunk_temple_overflow_claw, nicolae_ossuary_entry_giza,
          dreamdust_gnoll_shepherd
D:9:      layout_roguey, lightli_temple_of_fire, serial_shops,
          nicolae_diamond_shop, shop_statue, shop_coins, nicolae_diamond_shop,
          chequers_decorated_corner, minmay_shop_damaged
D:10:     minmay_the_grid_plus [minmay_the_grid_outer_diamond,
          minmay_the_grid_doors, minmay_the_grid_dragon_a,
          minmay_the_grid_gridbox, minmay_the_grid_prize_shrinking_boxes],
          layout_loops_ring, zin_academy
D:11:     layout_basic, minmay_lair_entry_grove, nicolae_shop_gadgets
D:12:     layout_basic, ebering_ghost_disaster_area, kennysheep_small_circle,
          uniq_gastronok
D:13:     layout_roguey, ximxim_vaults_locker_room, minivault_22
D:14:     layout_stronghold, uniq_lodul, uniq_nessos
D:15:     hangedman_depths_entry_civil_slaughter, layout_loops_ring
Temple:   nicolae_temple_superstar
Lair:1:   layout_gridlike, serial_bayou_shore_b
Lair:2:   layout_loops_ring, minmay_shoals_entry_beasts, beast_lair_carwin_7
Lair:3:   layout_misc_corridors, guppyfry_snake_entry_island,
          serial_bayou_shore_b, grunt_megastairs_1, uniq_urug
Lair:4:   layout_long_grid, lemuel_fruit_fields, grunt_megastairs_2
Lair:5:   due_jungle_book, layout_regular_city, slime_entry_1, st_stairs_13,
          infiniplex_staircase_pool_2
Shoals:1: layout_shoals, serial_shops, nicolae_shop_advertising_works
          [nicolae_subvault_shop_adworks], nicolae_shop_vocational
Shoals:2: layout_shoals, uniq_ilsuiw, uniq_polyphemus
Shoals:3: nicolae_shoals_lighthouse, layout_shoals, uniq_bai_suzhen,
          uniq_louise, uniq_roxanne
Shoals:4: shoals_end_hangedman, layout_shoals, shoal_ilsuiw
Snake:1:  layout_concentric_octagons, gammafunk_ghost_cemetery,
          serial_bayou_lake_a, uniq_nikola
Snake:2:  layout_rooms, serial_shops, nicolae_shop_bloodbath_and_beyond,
          lemuel_fruit_tree
Snake:3:  layout_onion, serial_shops, nicolae_shop_stone,
          nicolae_snake_dead_anacondas
Snake:4:  snake_pit, layout_grid_maze, gammafunk_ghost_grave, minmay_shoptagon,
          uniq_donald, uniq_aizul
Orc:1:    layout_caves, uniq_maurice
Orc:2:    st_orc_ogre_mass, layout_caves, ebering_ghost_gozag
Elf:1:    layout_geoelf_octagon, serial_shops, shop, nicolae_shop_behind_doors,
          shop_coins, nicolae_shop_hallway_plus, evilmike_minifort, uniq_azrael
Elf:2:    nicolae_elf_blades_crystal_corner, layout_rooms
Elf:3:    minmay_elf_hall_furrowed, layout_gridlike, minmay_shop_mayhem,
          grunt_megastairs_5
Vaults:1: nicolae_vaults_what_the_h, hangedman_vaults_restitches,
          vaults_room_grunt_arrival_checkpoint,
          vaults_standard_mumra_enter_the_diamond, dpeg_vaults_monster_box,
          st_smaller_cells, nicolae_vaults_little_squares_2,
          ontoclasm_vaults_shuriken, nicolae_vaults_little_squares_2,
          hangedman_vaults_trim, layout_vaults_big_room
Vaults:2: nicolae_vaults_mini_display_case, nicolae_vaults_theta,
          nicolae_vaults_diagonal_hallway_6, vaults_room_pool,
          layout_vaults_omnigrid, uniq_asterion
Vaults:3: gammafunk_ghost_grave, st_greater_box_4, ontoclasm_vaults_ring_square,
          minmay_crypt_entry_vampire_xt, v_misc_18, grunt_vaults_twisty,
          grunt_vaults_bifocal, nicolae_vaults_alarming,
          vaults_dpeg_emergency_exit, ontoclasm_vaults_claustrophobia,
          nicolae_vaults_three_branches, vaults_room_door_ring, v_misc_26,
          layout_vaults_omnicross, serial_shops, freezing_bzr
Vaults:4: v_pattern_2, v_rooms_1, nicolae_vaults_circle_grid_b, v_misc_5,
          nicolae_vaults_octagons, hangedman_vaults_stream,
          ontoclasm_vaults_spin, v_alt_pattern_4, grunt_vaults_hallway_long,
          hangedman_vaults_slice, grunt_vaults_focal, grunt_vaults_hallway_long,
          nicolae_vaults_little_ls, ontoclasm_vaults_bender,
          vaults_room_fancy_cross, nicolae_vaults_specimen_jars,
          nicolae_vaults_theta, layout_vaults_omnibox, serial_shops,
          bzr_entry_safe

Skill      XL: |  1  2  3  4  5  6  7  8  9 10 11 12 13 14 15 16 17 18 19 20 21 |
---------------+----------------------------------------------------------------+-----
Axes           | 3 4 5 6 9 11 13 15 18 20 22 23 24 26 27 | 27.0
Fighting       | 4 5 7 8 10 11 12 13 15 17 19 21 22 24 25 27 | 27.0
Shields        | 4 6 8 10 11 13 14 15 16 | 16.2
Armour         | 5 7 9 11 13 14 16 19 21 24 27 | 27.0
Dodging        | |  0.7

Action                     |  1- 3 |  4- 6 |  7- 9 | 10-12 | 13-15 | 16-18 | 19-21 || total
---------------------------+-------+-------+-------+-------+-------+-------+-------++-------
  Melee: War axe           |   108 |    27 |       |       |       |       |       ||   135
         Headbutt          |    19 |    19 |    31 |    90 |   210 |   272 |   275 ||   916
         Broad axe         |       |    77 |   186 |   398 |   723 |   943 |   964 ||  3291
 Invoke: Potion Petition   |       |       |       |       |     1 |    10 |     1 ||    12
  Evoke: Wand              |       |       |     4 |     4 |     5 |     6 |       ||    19
         Lightning rod     |       |       |       |       |     5 |     1 |       ||     6
         Piece from Xom's  |       |       |       |       |     1 |       |       ||     1
         Phantom mirror    |       |       |       |       |       |     1 |       ||     1
         Condenser vane    |       |       |       |       |       |     1 |       ||     1
    Use: Potion            |       |     4 |     3 |    11 |     4 |    12 |     3 ||    37
         Scroll            |       |       |    11 |    20 |     7 |    15 |     8 ||    61
   Stab: Paralysed         |       |       |     4 |       |       |       |       ||     4
         Distracted        |       |       |       |     7 |    28 |    30 |    47 ||   112
         Petrified         |       |       |       |       |     6 |       |       ||     6
         Invisible         |       |       |       |       |       |     7 |       ||     7
 Armour: Scale mail        |    34 |    36 |       |       |       |       |       ||    70
         Chain mail        |       |    14 |    90 |   165 |   150 |       |       ||   419
         Plate armour      |       |       |       |       |   160 |   405 |   381 ||   946
         Skin              |       |       |       |       |       |     9 |       ||     9
  Dodge: Dodged            |    41 |    48 |    55 |    80 |    73 |   141 |   113 ||   551
  Block: Buckler           |    24 |    33 |    64 |    40 |       |       |       ||   161
         Tower shield      |       |       |       |   167 |   615 |   922 |   733 ||  2437
         Reflection        |       |       |       |       |    14 |       |       ||    14

Table legend: (Time is in decaauts)
 A = Elapsed time spent in this place.
 B = Non-inter-level travel time spent in this place.
 C = Inter-level travel time spent in this place.
 D = Time resting spent in this place.
 E = Time spent auto-exploring this place.
 F = Levels seen in this place.
 G = Mean time per level.
                   A        B        C        D        E       F      G
               +--------+--------+--------+--------+--------+-----+--------+
         Total |  45751 |  41447 |   4304 |   3200 |  29890 |  41 | 1115.9 |
       Dungeon |  18094 |  15904 |   2190 |   1102 |  11996 |  15 | 1206.3 |
        Temple |    111 |    111 |      0 |      0 |     80 |   1 |  111.0 |
          Lair |   7454 |   6414 |   1040 |    788 |   4545 |   5 | 1490.8 |
        Shoals |   4449 |   4119 |    330 |    298 |   2771 |   4 | 1112.2 |
     Snake Pit |   4820 |   4502 |    318 |    431 |   3052 |   4 | 1205.0 |
  Orcish Mines |   1613 |   1542 |     71 |    168 |    880 |   2 |  806.5 |
   Elven Halls |   1955 |   1950 |      5 |      0 |   1491 |   3 |  651.7 |
        Vaults |   6689 |   6343 |    346 |    370 |   4693 |   4 | 1672.2 |
        Bazaar |    221 |    221 |      0 |      0 |    147 |   2 |  110.5 |
       Ossuary |    342 |    342 |      0 |     41 |    233 |   1 |  342.0 |
               +--------+--------+--------+--------+--------+-----+--------+

Top non-repeatable levels by time:
Vaults:3: 2235 daAuts
  Lair:5: 1981 daAuts
     D:7: 1884 daAuts
 Snake:4: 1856 daAuts
  Lair:3: 1824 daAuts
Vaults:4: 1729 daAuts
    D:11: 1702 daAuts
     D:3: 1651 daAuts
     D:8: 1643 daAuts
Vaults:1: 1582 daAuts
Shoals:3: 1521 daAuts
    D:10: 1474 daAuts
  Lair:2: 1360 daAuts
    D:14: 1351 daAuts
  Lair:4: 1213 daAuts
